 Dungeon Crawl Stone Soup version 0.31-a0-963-ga325b2283a (webtiles) character file.

Game seed: 2180620170987282569

2039 Maxmaps the Covert (level 9, -2/58 HPs)
             Began as an Octopode Monk on Oct 25, 2023.
             Succumbed to a water moccasin's poison
             ... on level 6 of the Dungeon.
             The game lasted 00:11:43 (5023 turns).

Maxmaps the Covert (Octopode Monk)                  Turns: 5023, Time: 00:11:43

Health: -2/58      AC:  1    Str: 10    XL:     9   Next: 24%
Magic:  6/9        EV: 14    Int: 23    God:
Gold:   366        SH:  0    Dex: 14    Spells: 8/8 levels left

rFire   . .          .
                       - Unarmed
rCold   + . .        (no shield)
rNeg    . . .        (helmet restricted)
rPois   .            e - amulet of guardian spirit
rElec   .            k - ring of protection from cold
rCorr   .            B - +6 ring of intelligence
SInv    .            (no ring)
Will    .....        (no ring)
Stlth   +++          (no ring)
HPRegen 0.29/turn    (no ring)
MPRegen 0.11/turn    (no ring)
                     (no ring)

%: guardian spirit
@: confused, lethally poisoned (-2 -> -26), ambrosia-drunk, invisible
A: almost no armour, amphibious, 8 rings, camouflage 1, gelatinous body 1,
(nimble swimmer 1), tentacles
a: no special abilities


You were on level 6 of the Dungeon.
You visited 1 branch of the dungeon, and saw 7 of its levels.

You collected 454 gold pieces.
You spent 88 gold pieces at shops.

Inventory:

Hand Weapons
 g - a +1 dagger of flaming
Missiles
 c - 2 throwing nets
Armour
 b - an orb of light
Jewellery
 e - an amulet of guardian spirit (around mantle)
 h - a ring of flight
 k - a ring of protection from cold (left tentacle)
 v - a ring of fire
 w - a ring of ice
 B - a +6 ring of intelligence (right tentacle)
Wands
 t - a wand of flame (26)
Scrolls
 o - a scroll of immolation
 q - a scroll of vulnerability
Potions
 f - a potion of mutation
 l - a potion of enlightenment {unknown}
 r - a potion of berserk rage {unknown}
 s - a potion of attraction {unknown}
 u - a potion of resistance {unknown}
 z - a potion of magic {unknown}
 A - a potion of might {unknown}


   Skills:
 - Level 4.0 Fighting
 - Level 6.0 Short Blades
 - Level 4.3 Dodging
 - Level 9.0 Stealth
 + Level 4.4 Unarmed Combat
 - Level 6.0 Evocations


You had 8 spell levels left.
You didn't know any spells.
Your spell library contained the following spells:

 Spells                   Type           Power      Damage    Failure   Level
 Apportation              Tloc           0%         N/A       16%         1
 Necrotise                Necr           0%         1d4       16%         1
 Summon Small Mammal      Summ           0%         N/A       16%         1
 Ensorcelled Hibernation  Hex/Ice        0%         N/A       24%         2
 Passwall                 Tmut/Erth      0%         N/A       24%         2
 Swiftness                Air            0%         N/A       43%         3


Dungeon Overview and Level Annotations

Branches:
Dungeon (7/15)
 Temple: D:4-7

Altars:
Makhleb

Shops:
D:2 [!:*

Annotations:
D:4 1 runed translucent door, LeprechaunX's ghost, amateur OpSh
D:5 3 runed translucent doors, SirDiesAlot's ghost, amateur OpFE; justen's ghost, weakling DrDe; wally255's ghost, amateur MiBe


Innate Abilities, Weirdness & Mutations

You cannot wear most types of armour.
You are amphibious.
You can wear up to eight rings at the same time.
Your skin changes colour to match your surroundings (Stealth+).
Your rubbery body absorbs attacks. (AC +1, EV +1)
((You are camouflaged when in or above water. (Stealth+)))
You have tentacles for arms and can constrict up to eight enemies at once.


Message History

You feel very sick. The killer bee barely misses you.
The killer bee misses you. The water moccasin misses you.
You climb upwards.
You feel very sick.
There is a stone staircase leading down here.
You tentacle-slap the killer bee. Your grab misses the killer bee.
The killer bee is moderately wounded.
You feel sick. The killer bee stings you!
You are more poisoned.
The killer bee poisons you! The water moccasin bites you.
The killer bee stings you.
You tentacle-slap the killer bee. Your grab misses the killer bee.
Your squeeze misses the killer bee.
The killer bee is heavily wounded.
You feel very sick. The killer bee closely misses you.
The water moccasin bites you.
You are more poisoned.
The water moccasin poisons you! The killer bee closely misses you.
The water moccasin misses you.
You fade into invisibility!
You feel very sick. The killer bee misses you.
The water moccasin closely misses you. The killer bee closely misses you.
As you read the scroll labelled MUDUMO IWKEHIH, it crumbles to dust.
Your body is wracked with pain!
* * * LOW HITPOINT WARNING * * *
The killer bee convulses!
The water moccasin convulses!
It was a scroll of torment.
* * * LOW HITPOINT WARNING * * *
You feel very sick. The killer bee misses you.
The water moccasin barely misses you. The killer bee barely misses you.
The water moccasin bites you!
* * * LOW HITPOINT WARNING * * *
You are more poisoned.
The water moccasin poisons you!
Unknown command.
You are confused.
You feel invigorated.
You die...

#......# #....# #......# #..#.#
#......# ####..#.# ######.##.###
#.....#.# #.####.##...#
###.##..#.# #...#..####.#
#...##..#.###### #.#....#
#.####.####.....).)..
#<.....####.##.S.# #...#)###...
####.#...##.##@#####...#.#.....
#..##..#.##y####...........#
##...##...#..#.....###.######
#####..............##..##..#>....
#..........#.....####..##..#.....
#................# #..##........
#................####............
##...............................
#.......##........###.##........


You could see a water moccasin (unable to see you) and a killer bee (unable to
see you).

Vanquished Creatures
  Grinder (D:3)
  Duvessa (D:4)
  2 water moccasins
  An orc warrior (D:6)
  2 ogres (D:6)
  2 ice beasts
  2 centaurs
  A phantom (D:5)
  Blork the orc (D:6)
  A water moccasin zombie (D:5)
  Dowan (D:4)
  A howler monkey (D:5)
  A centaur zombie (D:5)
  3 hounds (D:5)
  Crazy Yiuf (D:2)
  3 iguanas
  Ijyb (D:4)
  A scorpion zombie (D:5)
  Natasha (twice) (D:4)
  2 orc wizards
  2 hound skeletons (D:5)
  7 gnolls
  9 adders
  A white imp (D:5)
  An adder zombie (D:5)
  2 worms
  10 orcs
  5 ball pythons
  8 endoplasms
  4 giant cockroaches
  6 goblins
  5 hobgoblins
  10 jackals
  5 quokkas
  6 bats
  5 frilled lizards
  4 kobolds
  5 rats
125 creatures vanquished.

Vanquished Creatures (others)
  An orc (D:6)
1 creature vanquished.

Grand Total: 126 creatures vanquished

Notes
Turn   | Place    | Note
-------+----------+-------------------------------------------
     0 | D:1      | Maxmaps the Octopode Monk began the quest for the Orb.
     0 | D:1      | Reached XP level 1. HP: 16/16 MP: 1/1
   107 | D:1      | Reached skill level 1 in Stealth
   192 | D:1      | Reached skill level 2 in Stealth
   236 | D:1      | Reached XP level 2. HP: 21/21 MP: 2/2
   383 | D:1      | Reached skill level 3 in Stealth
   623 | D:1      | Reached XP level 3. HP: 26/26 MP: 3/3
   648 | D:1      | Reached skill level 4 in Stealth
   850 | D:1      | Found a faded altar of an unknown god.
   955 | D:2      | Found Doikot's Book Shoppe.
   958 | D:2      | Found Nuaga's Assorted Antiques.
  1034 | D:2      | Found Cifobreg's Distillery.
  1042 | D:2      | Bought a potion of heal wounds for 55 gold pieces
  1042 | D:2      | Bought a potion of curing for 33 gold pieces
  1071 | D:2      | Reached skill level 1 in Short Blades
  1100 | D:2      | Found Ducec's Antique Armour Shop.
  1157 | D:2      | Reached XP level 4. HP: 16/31 MP: 2/4
  1392 | D:2      | Found a runed translucent door.
  1393 | D:2      | Noticed Crazy Yiuf
  1446 | D:2      | Killed Crazy Yiuf
  1806 | D:3      | Noticed Grinder
  1809 | D:3      | Paralysed by Grinder for 4 turns
  1823 | D:3      | Killed Grinder
  1824 | D:3      | Reached skill level 5 in Short Blades
  1824 | D:3      | Reached XP level 5. HP: 31/36 MP: 2/5
  1824 | D:3      | Reached XP level 6. HP: 37/42 MP: 2/6
  1968 | D:3      | Found a burning altar of Makhleb.
  2162 | D:4      | Noticed Ijyb
  2175 | D:4      | Killed Ijyb
  2346 | D:4      | Noticed Natasha
  2353 | D:4      | Killed Natasha
  2356 | D:4      | Noticed LeprechaunX's ghost (amateur OpSh)
  2365 | D:4      | Found a runed translucent door.
  2382 | D:4      | Noticed Dowan
  2383 | D:4      | Noticed Duvessa
  2504 | D:4      | Killed Duvessa
  2505 | D:4      | Reached XP level 7. HP: 40/48 MP: 5/7
  2529 | D:4      | Killed Dowan
  2582 | D:4      | Noticed Natasha
  2651 | D:4      | Killed Natasha
  2850 | D:5      | Entered Level 5 of the Dungeon
  2931 | D:5      | Reached XP level 8. HP: 11/54 MP: 1/8
  3411 | D:5      | Reached skill level 5 in Evocations
  3443 | D:5      | Identified the +1 leather armour of Theory {Drain Will+
                  | Regen+ SInv}
  3614 | D:5      | Found a runed translucent gate.
  3614 | D:5      | Found a runed translucent gate.
  3614 | D:5      | Found a runed translucent gate.
  3618 | D:5      | Noticed wally255's ghost (amateur MiBe)
  3619 | D:5      | Noticed justen's ghost (weakling DrDe)
  3619 | D:5      | Noticed SirDiesAlot's ghost (amateur OpFE)
  3794 | D:5      | Reached skill level 5 in Stealth
  3983 | D:6      | Reached skill level 6 in Stealth
  3989 | D:6      | Noticed Blork the orc
  4026 | D:6      | Reached skill level 7 in Stealth
  4124 | D:6      | Reached skill level 8 in Stealth
  4124 | D:6      | Reached XP level 9. HP: 8/58 MP: 2/9
  4436 | D:6      | Reached skill level 9 in Stealth
  4874 | D:6      | Killed Blork the orc
  5022 | D:6      | HP: 1/58 [water moccasin (8)]
  5023 | D:6      | Succumbed to a water moccasin's poison

Illustrated notes

Levels and vault maps discovered:
D:1:      dpeg_arrival_radiant, layout_basic,
          dilly_ecumenical_altar_fadedgnrine, minmay_pentomino_u2
D:2:      layout_rooms, serial_shops, shop, nicolae_shop_crystal,
          nicolae_shop_stone, shop, uniq_crazy_yiuf_cottage
D:3:      layout_rooms, mainiacjoe_overflow_chevrons,
          hangedman_decor_diamond_cutter, minmay_misc_feat_more_columns,
          uniq_grinder
D:4:      layout_rooms, hellmonk_ghost_happy_afterlife,
          small_statue_intersection, uniq_duvessa, uniq_ijyb, uniq_natasha
D:5:      layout_cave_pools, serial_undead, serial_undead_b, serial_undead_c,
          serial_undead_e, serial_undead_c, gammafunk_ghost_cemetery,
          corexii_leaking_fountain, kb_lookout_dungeons_type,
          hangedman_decor_peaks_small, kennysheep_nub, st_stairs_10,
          kennysheep_generic_room_12
D:6:      layout_rooms, minmay_misc_feat_roman, uniq_blork_the_orc
D:7:      minmay_opposing_rooms, layout_basic, minmay_temple_entry_grid,
          serial_shops, shop, kennysheep_decorative_pillar, uniq_maggie

Skill      XL: |  1  2  3  4  5  6  7  8  9 |
---------------+----------------------------+-----
Stealth        | 2 3 4 8 9 |  9.0
Short Blades   | 1 5 6 |  6.0
Fighting       | 4 |  4.0
Dodging        | 4 |  4.3
Evocations     | 3 6 |  6.0
Unarmed Combat | 4 |  4.4

Action                     |  1- 3 |  4- 6 |  7- 9 || total
---------------------------+-------+-------+-------++-------
  Melee: Unarmed           |    62 |       |    32 ||    94
         Constrict         |    22 |    21 |    27 ||    70
         Tentacles         |    13 |    26 |    59 ||    98
         Dagger            |    31 |   102 |   211 ||   344
         Punch             |     1 |     5 |     7 ||    13
    Use: Potion            |       |     2 |     8 ||    10
         Scroll            |       |       |    12 ||    12
   Stab: Sleeping          |     9 |     7 |     7 ||    23
         Invisible         |       |       |     2 ||     2
 Armour: Skin              |    37 |    47 |   167 ||   251
  Dodge: Dodged            |    78 |    71 |   155 ||   304

Table legend: (Time is in decaauts)
 A = Elapsed time spent in this place.
 B = Non-inter-level travel time spent in this place.
 C = Inter-level travel time spent in this place.
 D = Time resting spent in this place.
 E = Time spent auto-exploring this place.
 F = Levels seen in this place.
 G = Mean time per level.
                   A        B        C        D        E       F      G
               +--------+--------+--------+--------+--------+-----+--------+
         Total |   4929 |   4796 |    133 |    998 |   2873 |   7 |  704.1 |
       Dungeon |   4929 |   4796 |    133 |    998 |   2873 |   7 |  704.1 |
               +--------+--------+--------+--------+--------+-----+--------+

Top non-repeatable levels by time:
     D:5: 1392 daAuts
     D:1: 950 daAuts
     D:3: 697 daAuts
     D:6: 695 daAuts
     D:2: 597 daAuts
     D:4: 575 daAuts
     D:7: 20 daAuts
